 Dungeon Crawl Stone Soup version 0.24-a0-127-gfc1eed5 (webtiles) character file.

Game seed: 11433907119197489352

641 xccam the Insei (level 7, -2/51 HPs)
             Began as a Demigod Transmuter on Feb 25, 2019.
             Slain by Killmatronix's ghost (7 damage)
             ... on level 4 of the Dungeon.
             The game lasted 00:10:27 (4343 turns).

xccam the Insei (Demigod Transmuter)                Turns: 4343, Time: 00:10:27

Health: -2/51      AC:  7    Str: 15    XL:     7   Next: 5%
Magic:  8/12       EV: 11    Int: 19    God:
Gold:   199        SH:  0    Dex: 16    Spells: 6/9 levels left

rFire    . . .     SeeInvis .     - Unarmed
rCold    . . .     Gourm    .   (no shield)
rNeg     . . .     Faith    .   m - +0 ring mail
rPois    .         Spirit   .   (no helmet)
rElec    .         Reflect  .   f - +0 cloak
rCorr    .         Harm     .   (no gloves)
MR       .....                  e - +0 pair of boots
Stlth    +.........             (no amulet)
HPRegen  0.17/turn              (no ring)
MPRegen  0.13/turn              (no ring)

@: appendage (expiring)
A: horns 2, high mp 1
a: End Transformation


You were on level 4 of the Dungeon.
You were not hungry.
You had grown temporary horns.
You visited 1 branch of the dungeon, and saw 4 of its levels.

You collected 199 gold pieces.

Inventory:

Missiles
 a - 33 arrows
Armour
 b - a +0 robe
 e - a +0 pair of boots (worn)
 f - a +0 cloak (worn)
 h - a +0 chain mail
 m - a +0 ring mail (worn)
 o - a +0 helmet
Wands
 w - a wand of flame (17)
Scrolls
 j - a scroll of remove curse {unknown}
 k - 2 scrolls of teleportation {unknown}
 l - a scroll of fear {unknown}
 n - a scroll of fog {unknown}
 q - 3 scrolls of immolation {unknown}
 r - a scroll of noise {unknown}
 t - a scroll of blinking {unknown}
Potions
 c - a potion of heal wounds {unknown}
 g - 2 potions of flight
 i - 2 potions of lignification {unknown}
 p - 5 potions of curing
 s - a potion of invisibility {unknown}
 u - a potion of brilliance {unknown}
Comestibles
 d - 8 rations


   Skills:
 - Level 0.8 Fighting
 - Level 1.7 Dodging
 + Level 6.0 Unarmed Combat
 - Level 1.7 Spellcasting
 + Level 5.1 Transmutations


You had 6 spell levels left.
You knew the following spells:

 Your Spells              Type           Power        Failure   Level  Hunger
a - Beastly Appendage     Tmut           ###...       4%          1    #......
b - Sticks to Snakes      Tmut           ###.....     6%          2    ###....

Your spell library contained the following spells:

 Spells                   Type           Power        Failure   Level  Hunger
 Spider Form              Tmut/Pois      ##........   34%         3    ###....
 Ice Form                 Ice/Tmut       ##......     75%         4    #####..
 Blade Hands              Tmut           ###.......   75%         5    ######.


Dungeon Overview and Level Annotations

Branches:
Dungeon (4/15)
 Temple: D:4-7

Shops:
D:4 [

Annotations:
D:4 Killmatronix's ghost, novice HOCK


Innate Abilities, Weirdness & Mutations

You have an increased reservoir of magic. (+10% MP)
You have a pair of horns on your head.


Message History

Casting: Beastly Appendage (safe; 4% risk of failure)
Confirm with . or Enter, or press ? or * to list all spells.
You create a snake!
You now have 34 arrows.
Your ball python bites Killmatronix's ghost but does no damage.
Your ball python misses Killmatronix's ghost.
Items here: )) [[ † a cursed -2 short sword; a +0 ring mail; a +0 whip; a +0 chain mail an orc corpse
Items here: )) [[ a +0 dagger; a +0 robe; a +0 club; a +0 leather armour Your ball python bites Killmatronix's ghost but does no damage.
Your ball python bites Killmatronix's ghost.
Your transformation is almost over.
Casting: Sticks to Snakes (safe; 6% risk of failure)
Confirm with . or Enter, or press ? or * to list all spells.
You create a snake!
You now have 33 arrows.
Killmatronix's ghost hits you!
* * * LOW HITPOINT WARNING * * *
Your ball python bites Killmatronix's ghost but does no damage.
Your adder bites Killmatronix's ghost.
Killmatronix's ghost hits you!
You die...

......##..##.# .#.#.###..##.#
.............# .#........####
####### )#.#......# #.....#
..........# #.###.# ######
##.#..#.#.# ###.###.######.....
#.#..#.#.# #...S..........####
#....#.#.# #.@W...######### #
###.##.### #..S...# # #.#...#
#......# #
#.##.#######......######## ##
######...##..##......##.....# #.
....#..#..#...#......##.....# #.
....##...##....##).>....########.
...##.#.#.##.....)..###.#.?.##...
##.#.......#.......####.#.≈.##.##


You could see Killmatronix's ghost, a friendly adder and a friendly ball python.

Vanquished Creatures
  A phantom (D:4)
  An eye of draining (D:4)
  A howler monkey (D:4)
  A crimson imp (D:2)
  2 hounds (D:4)
  A centaur skeleton (D:4)
  2 orc priests (D:3)
  An iguana (D:4)
  An orc wizard (D:4)
  A worker ant (D:4)
  4 adders
  3 gnolls (D:4)
  An ooze (D:2)
  A worm (D:3)
  2 dart slugs
  2 leopard geckos (D:1)
  11 orcs
  A ball python (D:3)
  7 bats
  3 giant cockroaches
  5 goblins
  8 hobgoblins
  3 jackals (D:1)
  2 quokkas (D:3)
  5 frilled lizards (D:2)
  4 kobolds
  A leopard gecko skeleton (D:4)
  11 rats
86 creatures vanquished.

Vanquished Creatures (collateral kills)
  2 gnolls (D:4)
  A rat (D:3)
3 creatures vanquished.

Grand Total: 89 creatures vanquished

Notes
Turn   | Place    | Note
-------+----------+-------------------------------------------
     0 | D:1      | xccam the Demigod Transmuter began the quest for the Orb.
     0 | D:1      | Reached XP level 1. HP: 15/15 MP: 5/5
    94 | D:1      | Reached skill level 3 in Unarmed Combat
   145 | D:1      | Reached XP level 2. HP: 11/22 MP: 7/7
   349 | D:1      | Learned a level 2 spell: Sticks to Snakes
  1468 | D:2      | Reached XP level 3. HP: 23/27 MP: 8/8
  1711 | D:2      | Found a burning altar of Makhleb.
  1763 | D:2      | Reached skill level 4 in Unarmed Combat
  1788 | D:2      | Reached XP level 4. HP: 6/34 MP: 5/9
  2610 | D:3      | HP: 1/34 [orc priest/nerve-wracking pain (7)]
  2991 | D:3      | Found an opulent altar of Gozag.
  2993 | D:3      | Found a shattered altar of Ashenzari.
  3054 | D:3      | Reached XP level 5. HP: 22/39 MP: 10/10
  3493 | D:4      | Found a bloodstained altar of Trog.
  3493 | D:4      | Noticed an eye of draining
  3514 | D:4      | Killed an eye of draining
  3514 | D:4      | Reached skill level 5 in Unarmed Combat
  3514 | D:4      | Reached XP level 6. HP: 32/46 MP: 0/11
  4049 | D:4      | Found Cemiude's Armour Boutique.
  4123 | D:4      | Reached skill level 5 in Transmutations
  4144 | D:4      | Reached XP level 7. HP: 45/51 MP: 10/12
  4249 | D:4      | Reached skill level 6 in Unarmed Combat
  4253 | D:4      | Found a runed translucent door.
  4255 | D:4      | Noticed Killmatronix's ghost (novice HOCK)
  4343 | D:4      | Slain by Killmatronix's ghost

Levels and vault maps discovered:
D:1:      dpeg_arrival_pond, layout_basic
D:2:      layout_basic, makhleb_grotto_becter
D:3:      layout_basic, chequers_temple_overflow_statue_of_worship
D:4:      minmay_spotlight, layout_loops_cross, trog_eyes_of_draining,
          ebering_ghost_reflecting_pool, serial_shops, shop, first_ration,
          glass_columns_a

Skill      XL: |  1  2  3  4  5  6  7 |
---------------+----------------------+-----
Unarmed Combat | 3 4 5 6 |  6.0
Transmutations | 2 3 4 5 |  5.1
Fighting       | |  0.8
Dodging        | |  1.7
Spellcasting   | |  1.7

Action                   |  1- 3 |  4- 6 |  7- 9 || total
-------------------------+-------+-------+-------++-------
Melee: Unarmed           |   148 |   207 |     8 ||   363
       Headbutt          |     3 |    19 |     2 ||    24
       Punch             |     3 |     7 |       ||    10
       Kick              |     3 |       |       ||     3
 Cast: Beastly Appendage |     3 |    10 |     1 ||    14
       Sticks to Snakes  |     1 |     5 |     4 ||    10
Evoke: Wand              |       |       |     3 ||     3
  Use: Scroll            |       |     3 |       ||     3
 Stab: Sleeping          |     3 |     3 |       ||     6
       Distracted        |       |     1 |       ||     1
  Eat: Chunk             |     3 |     8 |     1 ||    12
Armor: Robe              |    38 |    29 |       ||    67
       Ring mail         |       |    24 |     2 ||    26
Dodge: Dodged            |    99 |   111 |     4 ||   214

Table legend:
 A = Non-vault XP
 B = Vault XP
 C = Vault XP percentage of total XP
 D = Non-vault monster count
 E = Vault monster count
 F = Vault count percentage of total count
                 A         B        C        D         E       F
            +---------+---------+-------+---------+---------+-------
      Total |     636 |     280 |  30.6 |      82 |       7 |   7.9
            +---------+---------+-------+---------+---------+-------
        D:1 |      39 |       0 |   0.0 |      21 |       0 |   0.0
        D:2 |      45 |      50 |  52.6 |      18 |       1 |   5.3
        D:3 |     163 |       0 |   0.0 |      29 |       0 |   0.0
        D:4 |     389 |     230 |  37.2 |      14 |       6 |  30.0
            +---------+---------+-------+---------+---------+-------
